 Dungeon Crawl Stone Soup version 0.30.0 (webtiles) character file.

Game seed: 15238145097057348424

4 dialectric the Sneak (level 1, 0/14 HPs)
             Began as a Gargoyle Delver on May 6, 2023.
             Was an Initiate of Okawaru.
             Slain by a ball python (2 damage)
             ... on level 4 of the Dungeon.
             The game lasted 00:01:12 (394 turns).

dialectric the Sneak (Gargoyle Delver)               Turns: 394, Time: 00:01:13

Health: 0/14       AC:  5    Str: 15    XL:     1   Next: 70%
Magic:  1/1        EV: 11    Int: 10    God:    Okawaru [......]
Gold:   13         SH:  0    Dex: 11    Spells: 0/0 levels left

rFire   . . .        a - +0 mace
rCold   . . .        (no shield)
rNeg    + . .        b - +0 leather armour
rPois   ∞            (no helmet)
rElec   +            (no cloak)
rCorr   .            (no gloves)
SInv    .            (no boots)
Will    .....        (no amulet)
Stlth   +++          (no ring)
HPRegen 0.22/turn    (no ring)
MPRegen 0.07/turn

%: no passive effects
@: brilliant
A: sickness immunity, AC +2, negative energy resistance 1, electricity
resistance, torment resistance 1, petrification resistance
a: Renounce Religion


You were on level 4 of the Dungeon.
You worshipped Okawaru.
Okawaru was noncommittal.
You visited 2 branches of the dungeon, and saw 3 of its levels.

You collected 13 gold pieces.

Inventory:

Hand Weapons
 a - a +0 mace (weapon)
Armour
 b - a +0 leather armour (worn)
Wands
 g - a wand of digging (3)
 j - a wand of charming (7)
Scrolls
 c - a scroll of fog
 d - a scroll of magic mapping
 e - a scroll of fear
Potions
 f - a potion of haste
 h - a potion of might {unknown}
 i - a potion of brilliance


   Skills:
 + Level 3.4 Fighting
 + Level 2.0 Maces & Flails
 * Level 0.6 Armour
 + Level 1.6 Dodging
 - Level 5.4 Stealth


You couldn't memorise any spells.
You didn't know any spells.
Your spell library was empty.

Dungeon Overview and Level Annotations

Branches:
Dungeon (5/15)             Temple (1/1) D:4

Altars:
Cheibriados
Elyvilon
Okawaru
Qazlal
Uskayaw
Xom
Yredelemnul
Zin
The Shining One

Annotations:
D:4 Grinder


Innate Abilities, Weirdness & Mutations

You are immune to sickness and miasma.
Your stone body is resilient. (AC +2)
You are immune to poison.
You resist negative energy. (rN+)
You are resistant to electric shocks. (rElec)
You are resistant to unholy torment.
You are immune to petrification.


Message History

Okawaru accepts your kill.
You see here a +0 falchion.
You open the door.
There is an open door here.
You close the door.
You open the door.
A hobgoblin and a ball python come into view.
Found a scroll labelled NUNOMA XAET and 3 stones.
The ball python hisses angrily.
The hobgoblin shouts!
There is an open door here.
The ball python bites you. The ball python grabs you.
The ball python constricts you.
You hit the ball python.
The ball python is heavily wounded.
The ball python bites you. The ball python constricts you.
The ball python bites you. The ball python constricts you.
You barely miss the ball python.
The ball python is heavily wounded.
The ball python misses you. The ball python constricts you.
The hobgoblin hits you but does no damage.
The ball python closely misses you. The ball python constricts you.
You are too injured to fight recklessly!
Unknown command.
You hit the ball python.
The ball python is severely wounded.
The hobgoblin hits you but does no damage.
The ball python bites you.
* * * LOW HITPOINT WARNING * * *
The ball python constricts you. The hobgoblin hits you.
* * * LOW HITPOINT WARNING * * *
You are too injured to fight recklessly!
You escape the ball python's grasp.
The hobgoblin attacks as you move away! The hobgoblin hits you.
* * * LOW HITPOINT WARNING * * *
There is an open door here.
The hobgoblin attacks as you move away! The hobgoblin completely misses you.
It was a potion of brilliance.
You feel clever all of a sudden. The ball python bites you.
You die...

## #######
##.###..#..######
........#........
.......@Sg.......
.........#.....?.#
........#.......#
........#(......+
##.####+##..#####
##.####.##..##
#..............
#..............
#...)..........


You could see a hobgoblin and a ball python.

Vanquished Creatures
  An orc (D:4)
  A goblin (D:4)
  A ball python (D:4)
  A kobold (D:4)
4 creatures vanquished.

Notes
Turn   | Place    | Note
-------+----------+-------------------------------------------
     0 | D:5      | dialectric the Gargoyle Delver began the quest for the Orb.
     0 | D:5      | Reached XP level 1. HP: 14/14 MP: 1/1
   160 | D:5      | Noticed an ogre
   162 | D:5      | Noticed an iguana
   252 | D:4      | Found a staircase to the Ecumenical Temple.
   258 | Temple   | Entered the Ecumenical Temple
   298 | Temple   | Became a worshipper of Warmaster Okawaru
   333 | D:4      | Noticed Grinder
   357 | D:4      | Paralysed by Grinder for 2 turns
   394 | D:4      | Slain by a ball python

Illustrated notes

Levels and vault maps discovered:
D:4:      layout_gridville, minmay_temple_entry_wispy,
          amcnicky_altar_lugonu_corruption, uniq_grinder
D:5:      layout_basic, mainiacjoe_overflow_alcove_4, portal_sewer_entry_e,
          kennysheep_generic_room_16
Temple:   nicolae_temple_superstar

Action                     || total
---------------------------++-------
  Melee: Mace              ||    20
    Use: Potion            ||     1
 Armour: Leather armour    ||    18
  Dodge: Dodged            ||    20
